 Dungeon Crawl Stone Soup version 0.31.0-2-g5a2aebc5c2 (webtiles) character file.

Game seed: 5093714213368048108

10523 dorian the Basher (level 11, -6/94 HPs)
             Began as an Armataur Fighter on Jan 20, 2024.
             Was the Champion of Okawaru.
             Mangled by Snorg (7 damage)
             ... on level 11 of the Dungeon.
             The game lasted 00:22:09 (11286 turns).

dorian the Basher (Armataur Fighter)               Turns: 11286, Time: 00:22:09

Health: -6/94      AC: 27    Str: 32    XL:     11   Next: 37%
Magic:  13/13      EV:  4    Int: 12    God:    Okawaru [******]
Gold:   1751       SH:  5    Dex:  6    Spells: 10/10 levels left

rFire   . . .        a - +1 flail
rCold   + . .        c - +0 buckler
rNeg    + + +        R - +2 plate armour of the Iron Devil {rN+ rCorr SInv}
rPois   +            y - +0 helmet
rElec   +            I - scarf {shadows}
rCorr   +            p - +1 pair of gloves "Junluf" {rElec rN+++ Will- Int+3}
SInv    +            e - +3 barding of Jousopaz {rPois rC+ Dex-3}
Will    .....        K - amulet of faith Stlth
                     i - ring of flight
HPRegen 1.00/turn    k - +6 ring of strength
MPRegen 0.46/turn

%: roll, faith
@: flying
A: large, deformed body, tough skin 3, armoured tail, roll 2
a: Renounce Religion, Heroism, Finesse, Duel


You were on level 11 of the Dungeon.
You worshipped Okawaru.
Okawaru was exalted by your worship.
You visited 1 branch of the dungeon, and saw 11 of its levels.
You also visited: Ossuary.

You collected 1751 gold pieces.

Inventory:

Hand Weapons
 a - a +1 flail (weapon)
 m - a +1 hand axe of flaming
 A - a +3 war axe
 Q - a +4 great mace of distortion
Missiles
 g - 15 boomerangs (quivered)
 l - 2 throwing nets
 P - 5 javelins
Armour
 b - a +0 scale mail
 c - a +0 buckler (worn)
 e - the +3 barding of Jousopaz (worn) {rPois rC+ Dex-3}
   (You acquired it on level 2 of the Dungeon)

   Dex-3:     It affects your dexterity (-3).
   rC+:       It protects you from cold.
   rPois:     It protects you from poison
 f - a +1 chain mail
 p - the +1 pair of gloves "Junluf" (worn) {rElec rN+++ Will- Int+3}
   (You found it on level 4 of the Dungeon)

   Int+3:     It affects your intelligence (+3).
   rElec:     It insulates you from electricity.
   rN+++:     It renders you almost immune to negative energy.
   Will-:     It decreases your willpower.
 y - a +0 helmet (worn)
 I - a scarf of shadows (worn)
 J - a +0 plate armour
 L - a +2 plate armour of positive energy
 R - the +2 plate armour of the Iron Devil (worn) {rN+ rCorr SInv}
   (Okawaru gifted it to you on level 9 of the Dungeon)

   rN+:       It protects you from negative energy.
   SInv:      It lets you see invisible.
   rCorr:     It protects you from acid and corrosion.
Jewellery
 i - a ring of flight (left hand)
 k - a +6 ring of strength (right hand)
 H - a ring of resist corrosion
 K - an amulet of faith (around neck)
Wands
 v - a wand of digging (6)
 N - a wand of acid (11)
 U - a wand of paralysis (3)
Scrolls
 s - 6 scrolls of poison
 t - a scroll of teleportation
 x - 3 scrolls of enchant armour
 B - a scroll of enchant weapon
 D - 6 scrolls of noise
 M - a scroll of torment {unknown}
 O - 2 scrolls of fog
 S - a scroll of brand weapon {unknown}
Potions
 d - 2 potions of might
 h - 4 potions of haste
 j - 2 potions of enlightenment
 n - a potion of resistance
 o - 5 potions of mutation
 q - 2 potions of curing
 u - 3 potions of attraction
 w - a potion of heal wounds
 C - a potion of ambrosia
 E - 3 potions of lignification
 F - a potion of magic
 G - a potion of brilliance


   Skills:
 + Level 8.0 Fighting
 * Level 10.7 Maces & Flails
 + Level 10.3 Armour
 - Level 8.4 Shields
 + Level 3.8 Invocations


You had 10 spell levels left.
You didn't know any spells.
Your spell library contained the following spells:

 Spells                   Type           Power      Damage    Failure   Level
 Magic Dart               Conj           0%         1d3       93%         1
 Sting                    Conj/Alch      0%         1d3       93%         1
 Mercury Vapours          Alch/Air       0%         N/A       98%         2
 Searing Ray              Conj           0%         2d4       98%         2
 Dazzling Flash           Conj/Hex       0%         N/A       100%        3
 Mephitic Cloud           Conj/Alch/Air  0%         N/A       100%        3
 Stone Arrow              Conj/Erth      0%         3d7       100%        3
 Fulminant Prism          Conj/Alch      0%         3d5       100%        4
 Olgreb's Toxic Radiance  Alch           0%         N/A       100%        4
 Curse of Agony           Necr           0%         N/A       100%        5
 Silence                  Hex/Air        0%         N/A       100%        5
 Lehudib's Crystal Spear  Conj/Erth      0%         10d2      100%        8
 Animate Armour           Summ/Erth      Unusable   N/A       N/A         4

Dungeon Overview and Level Annotations

Branches:
Dungeon (11/15) Zot: 26924  Temple (0/1) D:6            Lair (0/5) D:10
    Orc (0/2) D:10        Ossuary (visited)

Altars:
Dithmenos
Elyvilon
Fedhas
Gozag
Hepliaklqana
Kikubaaqudgha
Makhleb
Okawaru
Qazlal
Ru
Sif Muna
Vehumet
Wu Jian
Yredelemnul
Zin
The Shining One

Annotations:
D:3 3 runed translucent doors, dorian's ghost, amateur OpSh
D:11 Snorg


Innate Abilities, Weirdness & Mutations

Armour fits poorly on your strangely shaped body.
You have extremely tough skin. (AC +3)
You have a long armoured tail.
You regenerate magic and health when rolling toward enemies. (Rampage Regen)


Message History

Snorg bites you! Snorg claws you but does no damage. You block Snorg's attack.
You hit Snorg but do no damage.
Snorg is lightly wounded.
Snorg goes berserk!
You hit Snorg.
Snorg is lightly wounded.
Snorg bites you but does no damage. Snorg claws you. Snorg barely misses you.
You barely miss Snorg.
Snorg is lightly wounded.
You block Snorg's attack. Snorg claws you! Snorg claws you but does no damage.
Snorg bites you! Snorg claws you. Snorg claws you!
You closely miss Snorg.
Snorg is lightly wounded.
Snorg bites you. Snorg claws you! x2
* * * LOW HITPOINT WARNING * * *
You sock Snorg!
Your tail-slap misses Snorg.
Snorg is lightly wounded.
Snorg bites you!
* * * LOW HITPOINT WARNING * * *
Snorg claws you but does no damage. x2
Okay, then.
Blink to where?
Press: ? - help, Dir - move target
As you read the scroll of blinking, it crumbles to dust.
You reach down and open the door.
The yak bellows! x3
You roll towards the yak!
Found a robe.
The yak bellows! x2; The acid dragon roars!
You hit the yak but do no damage.
The shadow slips into darkness.
The shadow flickers and vanishes for a moment.
The yak gores you!
* * * LOW HITPOINT WARNING * * *
The yak gores you but does no damage.
There is a stone staircase leading down here.
Snorg rages.
Snorg bites you but does no damage. Snorg claws you!
* * * LOW HITPOINT WARNING * * *
Snorg claws you!
You die...

######## ## .......# ...
.......#+#...
...........# ...........#
......<....## #
.........DY.#.#
########..YWY.#.####
.........Y.YY@...[..
.....D..#####T########
.....................#
...W...........#.....#
.........!.....#.....#
........########.....####
........# #........#
######### #........####
#.....ยง......


You could see Snorg (berserk), 6 yaks, an acid dragon and a shadow (invisible).

Vanquished Creatures
  2 two-headed ogres (D:9)
  5 death yaks (D:10)
  2 komodo dragons
  Prince Ribbit (D:6)
  A vampire (D:8)
  A shadow (D:10)
  13 yaks
  Eustachio (D:5)
  3 steam dragons
  A water moccasin (D:9)
  3 orc warriors
  3 sky beasts
  A hornet zombie (D:8)
  2 black bears
  3 centaurs
  A phantom (D:5)
  2 scorpions (D:5)
  A necrophage (D:8)
  5 wights (D:8)
  2 burial acolytes (Ossuary)
  2 howler monkeys
  5 centaur zombies
  A jelly (D:6)
  4 hounds
  2 human zombies
  4 orc priests
  9 orc wizards
  2 sleepcaps
  3 iguanas
  2 killer bee zombies (D:8)
  3 mummies
  Robin (D:3)
  8 gnolls
  5 adders
  2 shadow imps
  A white imp (D:7)
  2 ufetubi (D:7)
  A dart slug (D:5)
  A ribbon worm (D:2)
  37 orcs
  2 bats
  6 endoplasms
  4 giant cockroaches
  2 gnoll zombies (Ossuary)
  4 hobgoblins
  4 quokkas
  5 ball pythons
  A frilled lizard (D:3)
  16 goblins
  8 kobolds
  A kobold zombie (Ossuary)
  3 orc zombies (Ossuary)
  9 rats
  A spectral kobold (D:3)
214 creatures vanquished.

Vanquished Creatures (others)
  A steam dragon (D:7)
  A sky beast (D:7)
  A howler monkey (D:7)
  2 orcs (D:7)
5 creatures vanquished.

Grand Total: 219 creatures vanquished

Notes
Turn   | Place    | Note
-------+----------+-------------------------------------------
     0 | D:1      | dorian the Armataur Fighter began the quest for the Orb.
     0 | D:1      | Reached XP level 1. HP: 18/18 MP: 1/1
   164 | D:1      | Reached XP level 2. HP: 25/25 MP: 2/2
   918 | D:2      | Reached XP level 3. HP: 29/30 MP: 3/3
  1603 | D:2      | Identified a scroll of acquirement
  1603 | D:2      | Acquired the +3 barding of Jousopaz {rPois rC+ Dex-3}
  1770 | D:3      | Noticed Robin
  1781 | D:3      | Killed Robin
  1782 | D:3      | Reached XP level 4. HP: 18/38 MP: 4/4
  1867 | D:3      | Found a runed translucent gate.
  1867 | D:3      | Found a runed translucent gate.
  1867 | D:3      | Found an opulent altar of Gozag.
  1868 | D:3      | Found a runed translucent gate.
  1872 | D:3      | Noticed dorian's ghost (amateur OpSh)
  2094 | D:3      | Found an iron altar of Okawaru.
  2112 | D:3      | Became a worshipper of Warmaster Okawaru
  2179 | D:3      | Found a hazy altar of Hepliaklqana.
  2367 | D:4      | Reached XP level 5. HP: 41/45 MP: 5/5
  2699 | D:4      | Found a white marble altar of Elyvilon.
  2699 | D:4      | Found a glowing silver altar of Zin.
  2699 | D:4      | Found a glowing golden altar of the Shining One.
  2781 | D:4      | Identified the +1 pair of gloves "Junluf" {rElec rN+++
                  | Will- Int+3}
  3429 | D:5      | Entered Level 5 of the Dungeon
  3475 | D:5      | Reached XP level 6. HP: 48/51 MP: 6/6
  3509 | D:5      | Found a shimmering blue altar of Sif Muna.
  3665 | D:5      | Reached skill level 5 in Armour
  3704 | D:5      | Found a burning altar of Makhleb.
  3722 | D:5      | Reached * piety under Okawaru
  3760 | D:5      | Gained mutation: You regenerate magic and health when
                  | rolling toward enemies. (Rampage Regen) [Armataur growth]
  3760 | D:5      | Reached XP level 7. HP: 56/59 MP: 7/7
  3899 | D:5      | Noticed Eustachio
  3909 | D:5      | Killed Eustachio
  3910 | D:5      | Reached skill level 5 in Maces & Flails
  3910 | D:5      | Reached skill level 5 in Shields
  3998 | D:5      | Found a shadowy altar of Dithmenos.
  4208 | D:5      | Reached ** piety under Okawaru
  4280 | D:6      | Found a stormy altar of Qazlal.
  4280 | D:6      | Found a radiant altar of Vehumet.
  4280 | D:6      | Found a blossoming altar of Fedhas.
  4342 | D:6      | Found an ornate altar of the Wu Jian Council.
  4355 | D:6      | Found a sacrificial altar of Ru.
  4447 | D:6      | Found a staircase to the Ecumenical Temple.
  4601 | D:6      | Reached XP level 8. HP: 67/67 MP: 8/8
  4732 | D:6      | Noticed Prince Ribbit
  4766 | D:6      | Killed Prince Ribbit
  4968 | D:7      | Reached skill level 5 in Fighting
  4981 | D:7      | HP: 5/102 [something (5)]
  4982 | D:7      | HP: 2/102 [something (5)]
  4989 | D:7      | Reached *** piety under Okawaru
  4990 | D:7      | HP: 4/102 [shadow imp (3)]
  5343 | D:7      | Found a sand-covered staircase.
  5353 | Ossuary  | Entered an ossuary
  5802 | D:7      | Reached XP level 9. HP: 74/74 MP: 9/9
  6010 | D:7      | Reached **** piety under Okawaru
  7062 | D:8      | Found an ancient bone altar of Kikubaaqudgha.
  7643 | D:8      | Found a basalt altar of Yredelemnul.
  7792 | D:8      | Reached ***** piety under Okawaru
  8236 | D:8      | Upgraded the game from 0.31.0 to 0.31.0-2-g5a2aebc5c2
  8285 | D:9      | Noticed a komodo dragon
  8292 | D:9      | Killed a komodo dragon
  8293 | D:9      | Reached XP level 10. HP: 27/84 MP: 10/10
  8798 | D:9      | Noticed a two-headed ogre
  8810 | D:9      | Killed a two-headed ogre
  9370 | D:9      | Noticed a two-headed ogre
  9381 | D:9      | Killed a two-headed ogre
  9381 | D:9      | Received a gift from Okawaru
  9382 | D:9      | Reached skill level 1 in Invocations
  9650 | D:10     | Entered Level 10 of the Dungeon
  9737 | D:10     | Found a staircase to the Orcish Mines.
  9785 | D:10     | Noticed a death yak
  9785 | D:10     | Noticed a death yak
  9843 | D:10     | Killed a death yak
 10068 | D:10     | Reached ****** piety under Okawaru
 10068 | D:10     | Received a gift from Okawaru
 10077 | D:10     | Reached skill level 10 in Maces & Flails
 10203 | D:9      | Acquired a +4 great mace of distortion
 10203 | D:9      | Received a gift from Okawaru
 10204 | D:9      | Acquired the +2 plate armour of the Iron Devil {rN+ rCorr
                  | SInv}
 10204 | D:9      | Received a gift from Okawaru
 10355 | D:10     | Reached XP level 11. HP: 62/92 MP: 11/13
 10623 | D:10     | Found a staircase to the Lair.
 10634 | D:10     | Paralysed by an orc for 2 turns
 10768 | D:10     | Noticed a death yak
 10775 | D:10     | Noticed a death yak
 10775 | D:10     | Noticed a death yak
 10807 | D:10     | Acquired 1029 gold pieces
 11056 | D:10     | Killed a death yak
 11057 | D:10     | Reached skill level 10 in Armour
 11061 | D:10     | Killed a death yak
 11068 | D:10     | Killed a death yak
 11070 | D:10     | Killed a death yak
 11273 | D:11     | Noticed Snorg
 11286 | D:11     | HP: 1/94 [Snorg (11)]
 11286 | D:11     | Mangled by Snorg

Illustrated notes

Levels and vault maps discovered:
D:1:      erik_arrival_blinker_ship, layout_basic, item_on_display_a
D:2:      layout_basic
D:3:      layout_rooms, kennysheep_okawaru_gauntlet,
          nicolae_hepliaklqana_monster_ancestors, ebering_ghost_gozag,
          uniq_robin
D:4:      layout_loops_ring, good_gods_mini_temple
D:5:      layout_basic, mainiacjoe_overflow_24_doors,
          nicolae_dithmenos_the_darkroom, mainiacjoe_overflow_small_starburst,
          kennysheep_generic_room_10, uniq_eustachio
D:6:      layout_rooms, nicolae_overflow_hidden_temple,
          grunt_temple_overflow_open, temple_fountains, uniq_prince_ribbit1
D:7:      layout_basic, mainiacjoe_ossuary_entry_dusty_tomb, feat_on_display
D:8:      layout_loops_corners, lemuel_mausoleum_altar_yredelemnul,
          kiku_gazebo_pond_becter
D:9:      layout_basic
D:10:     layout_stronghold, dpeg_lair_monsters, orc_david_3
D:11:     layout_basic, uniq_snorg, uniq_erica

Skill      XL: |  1  2  3  4  5  6  7  8  9 10 11 |
---------------+----------------------------------+-----
Maces & Flails | 2 3 4 5 7 8 10 | 10.7
Fighting       | 3 4 5 6 7 8 |  8.0
Armour         | 4 5 6 7 8 9 10 | 10.3
Shields        | 4 5 6 7 8 |  8.4
Invocations    | 2 3 |  3.8

Action                     |  1- 3 |  4- 6 |  7- 9 | 10-12 || total
---------------------------+-------+-------+-------+-------++-------
  Melee: Flail             |   127 |   143 |   468 |   217 ||   955
         Tailslap          |     9 |    14 |    58 |    41 ||   122
 Invoke: Heroism           |       |       |     1 |     3 ||     4
         Receive Weapon    |       |       |       |     1 ||     1
         Receive Armour    |       |       |       |     1 ||     1
    Use: Scroll            |     4 |     6 |    10 |     7 ||    27
         Potion            |       |       |     4 |     3 ||     7
 Armour: Scale mail        |    59 |       |       |       ||    59
         Chain mail        |    53 |   146 |   431 |    57 ||   687
         Skin              |       |       |    36 |       ||    36
         Plate armour      |       |       |       |   139 ||   139
  Dodge: Dodged            |    51 |    27 |    78 |    35 ||   191
  Block: Buckler           |    19 |    23 |    72 |    49 ||   163
